[Event "1. Bamberg-Open 2018"]
[Site "Bamberg"]
[Date "2018.05.13"]
[Round "7"]
[White "Spitzl, Vinzent"]
[Black "Meulner, Klaus"]
[Result "1/2-1/2"]
[ECO "A06"]
[WhiteElo "2254"]
[BlackElo "2120"]
[Annotator "NA RC"]
[PlyCount "108"]
[EventDate "2018.??.??"]
[EventType "swiss"]
[EventCountry "GER"]
[SourceTitle "playchess.com"]
[Source "ChessBase"]
[SourceQuality "1"]
[TimeControl "40/5400+30:900+30"]

1. Nf3 d5 2. b3 Bg4 3. e3 e6 4. h3 Qf6 5. c3 Bxf3 6. Qxf3 Qxf3 7. gxf3 c5 8. f4 Nc6 9. Bb2 Nge7 10. d4 Nf5 11. Nd2 cxd4 12. cxd4 Be7 13. a3 O-O 14. Bd3 Nd6 15. h4 h5 16. Rc1 Rfc8 17. Ke2 a5 18. a4 Nb4 19. Bb1 Rxc1 20. Rxc1 Bxh4 21. Rh1 Be7 22. Rxh5 g6 23. Rh1 Rc8 24. Rc1 Rxc1 25. Bxc1 f5 26. Nf3 Nc6 27. Bd2 Ne4 28. Be1 Kf7 29. Bd3 g5 30. fxg5 Nxg5 31. Ne5+ Nxe5 32. dxe5 Bb4 33. Bxb4 axb4 34. f3 Ke7 35. Bb5 b6 36. Kf2 Nf7 37. f4 Nd8 38. Ba6 Nc6 39. Bd3 Na5 40. Bc2 Nb7 41. Ke2 Nc5 42. Kd2 Kd7 43. Ke2 Kc6 44. Kd2 Nb7 45. Bd1 Nc5 46. Kc2 Ne4 47. Bh5 Nc5 48. Be8+ Kc7 49. Bb5 Kd8 50. Be2 Ke7 51. Bf1 Kf7 $11 52. Bb5 Kg7 53. Be8 Kf8 54. Bb5 Ke7 1/2-1/2